AoeStats
← smartjanc

Four Lakes

507174264Analyzed
1v1 RM · 16d ago on Sep 17, 2026· 66m 2s· 2 players
Game mode
Random Map
Map size
Tiny (2 player)
Population
200
Speed
Normal
Resources
Standard
Victory
Conquest
Starting age
Dark Age
Ending age
Imperial Age
RankedLock teamsTeams togetherTeam positionsShared explorationLock speedFull tech treeHidden civsTurbo modeCheats
Victory
Defeat
🇺🇸 Bohemians · United States
183
+21
🇨🇦 Poles · Canada
297
-21
smartjanc
1:04 Loom
18:10 Feudal Age
18:35 Horse Collar
18:46 Double-Bit Axe
18:50 Fishing Lines
19:53 Wheelbarrow
22:39 Arson
25:39 Castle Age
25:25 Fletching
25:37 Padded Archer Armor
25:49 Forging
25:40 Scale Mail Armor
25:46 Scale Barding Armor
27:29 Hand Cart
27:17 Heavy Plow
27:30 Bow Saw
29:04 Town Watch
31:50 Imperial Age
29:53 Wagenburg Tactics
29:29 Pikeman
30:11 Squires
29:59 Crossbowman
32:30 Arbalester
34:34 Conscription
36:55 Murder Holes
37:29 Ballistics
38:15 Chemistry
36:56 Treadmill Crane
38:46 Town Patrol
41:22 Halberdier
42:02 Elite Hussite Wagon
51:40 Man-at-Arms
53:52 Bombard Tower
59:20 Guard Tower
59:21 Arrowslits
myotherarm
12:10 Feudal Age
12:44 Double-Bit Axe
12:43 Horse Collar
17:09 Loom
23:45 Wheelbarrow
26:45 Castle Age
26:36 Forging
27:47 Scale Barding Armor
32:00 Hand Cart
32:04 Bloodlines
34:23 Bow Saw
36:04 Heavy Plow
37:40 Iron Casting
38:21 Scale Mail Armor
40:23 Szlachta Privileges
41:21 Chain Mail Armor
41:03 Fletching
43:00 Gold Mining
43:01 Stone Mining
43:07 Town Watch
45:26 Pikeman
46:07 Squires
46:11 Bodkin Arrow
51:55 Ballistics
52:40 Husbandry
61:32 Light Cavalry
62:59 Padded Archer Armor
64:50 Murder Holes
65:55 Chain Barding Armor
Connection lost

Rejoining the realm…

Still unreachable

The connection could not be restored.

Session expired

The server has moved on; the page needs a fresh start.